Map: Chain of Ascension

Players

monk

  • Race: Protoss Protoss
  • Spawn Location: 11:00

Terin

  • Race: Terran Terran
  • Spawn Location: 11:00

VOD

Have the link to the VOD?

Description

Time

  • Played on: Aug. 8, 2017, 5:22 p.m.
  • Length: 22:58
Show
View Real Time Build Order
Export as new Build Order

monk Protoss 

Build Orders:  

Get SALT Encoding   

  12  0:02  Probe (Chrono Boost)  
  13  0:12  Dark Pylon  
  13  0:16  Probe (Chrono Boost)  
  14  0:22  Assimilator  
  14  0:30  Probe (Chrono Boost)  
  14  0:39  Assimilator  
  15  0:44  Probe (Chrono Boost)  
  16  0:58  Probe (Chrono Boost)  
  17  1:06  Gateway  
  17  1:12  Probe (Chrono Boost)  
  18  1:25  Probe (Chrono Boost)  
  19  1:39  Probe (Chrono Boost)  
  19  1:48  Pylon  
  20  1:53  Probe (Chrono Boost)  
  21  2:07  Probe (Chrono Boost)  
  22  2:13  Cybernetics Core  
  22  2:22  Probe (Chrono Boost)  
  23  2:49  Probe (Chrono Boost)  
  23  3:04  Death Council  
  23  3:10  Gateway  
  23  3:13  Gateway  
  23  3:57  Warp Gate (Chrono Boost)  
  23  4:02  Nexus  
  23  4:03  Probe  
  23  4:07  Dark Shrine  
  24  4:20  Probe  
  25  4:30  Assimilator  
  25  4:35  Assimilator  
  25  4:37  Probe (Chrono Boost)  
  26  4:40  Pylon  
  26  4:52  Probe (Chrono Boost)  
  26  4:58  Shadow Fury  
  27  5:06  Dark Templar, Probe (Chrono Boost)  
  30  5:17  Dark Templar  
  30  5:18  Dark Templar  
  34  5:20  Probe (Chrono Boost)  
  35  5:34  Probe (Chrono Boost)  
  36  5:46  Probe (Chrono Boost)  
  36  5:48  Probe (Chrono Boost)  
  38  5:56  Dark Templar  
  40  6:00  Probe (Chrono Boost)  
  40  6:02  Probe (Chrono Boost)  
  40  6:05  Dark Templar x2  
  46  6:14  Probe (Chrono Boost)  
  47  6:29  Probe (Chrono Boost)  
  47  6:30  Probe (Chrono Boost)  
  49  6:43  Probe (Chrono Boost)  
  49  6:45  Forge  
  50  6:58  Dark Templar Blink  
  50  7:08  Gateway  
  50  7:09  Blink  
  50  7:10  Gateway  
  50  7:15  Gateway  
  50  7:19  Dark Templar x2  
  54  7:25  Pylon  
  54  7:29  Pylon  
  53  7:59  Protoss Ground Weapons Level 1 (Chrono Boost)  
  53  8:01  Dark Templar  
  53  8:06  Probe (Chrono Boost)  
  56  8:11  Phase Reactor  
  56  8:19  Gateway  
  56  8:21  Gateway  
  56  8:22  Probe  
  57  8:39  Dark Templar x3  
  63  8:40  Dark Templar x2  
  67  8:50  Pylon  
  67  9:17  Stalker  
  69  9:30  Stalker  
  69  9:31  Stalker x3  
  77  9:47  Pylon  
  77  9:49  Pylon  
  77  9:52  Pylon  
  77  10:13  Stalker x2  
  77  10:14  Stalker x3  
  77  10:15  Stalker  
  89  10:20  Pylon  
  89  10:24  Pylon  
  89  10:46  Dark Pylon  
  89  10:55  Stalker x2  
  89  10:57  Dark Templar  
  89  10:58  Dark Templar x4  
  103  11:13  Dark Templar  
  101  11:53  Stalker x2  
  101  11:54  Stalker x3  
  101  11:55  Stalker x2  
  113  12:06  Probe  
  114  12:28  Stalker x3  
  114  12:29  Stalker x2  
  124  12:34  Pylon  
  124  12:36  Dark Pylon, Pylon  
  124  12:55  Stalker x2  
  124  12:56  Stalker  
  118  13:25  Stalker x2  
  118  13:26  Stalker x3  
  118  13:49  Dark Templar  
  118  13:50  Dark Templar x3  
  124  14:15  Dark Templar x4  
  128  14:44  Protoss Ground Weapons Level 2 (Chrono Boost)  
  126  14:54  Dark Templar  
  126  14:55  Dark Templar x3  
  132  15:03  Pylon x2  
  106  15:33  Stalker  
  106  15:34  Stalker x3  
  103  15:57  Stalker  
  103  15:58  Stalker x3  
  103  16:16  Probe  
  104  16:28  Dark Templar x4  
  112  16:39  Dark Templar x2  
  115  16:40  Dark Templar x2  
  119  17:16  Dark Templar x2  
  119  17:17  Dark Templar x2  
  127  17:23  Dark Templar  
  127  17:29  Dark Templar  
  131  17:30  Dark Templar x2  
  135  17:43  Protoss Ground Weapons Level 3  
  135  18:10  Stalker x4  
  135  18:11  Stalker  
  145  18:39  Stalker  
  145  18:40  Stalker x3  
  151  18:51  Probe  
  151  18:57  Pylon  
  152  19:01  Stalker x2  
  152  19:02  Stalker  
  158  19:15  Pylon x2  
  158  19:16  Pylon  
  158  19:17  Pylon x2  
  158  19:36  Stalker  
  158  19:37  Stalker x3  
  152  20:05  Stalker  
  152  20:06  Stalker x3  
  158  20:24  Dark Templar x3  
  158  20:25  Dark Templar  
  164  20:58  Stalker  
  164  20:59  Stalker x3  
  166  21:25  Dark Templar x3  
  166  21:26  Dark Templar  
  174  21:41  Dark Templar x2  
  176  21:53  Pylon  
  176  22:00  Stalker  
  176  22:01  Stalker  
  180  22:30  Dark Templar x3  
  180  22:31  Dark Templar  
  180  22:35  Stalker  
Show
View Real Time Build Order
Export as new Build Order

Terin Terran 

Build Orders:  

Get SALT Encoding   

  12  0:05  SCV  
  13  0:21  SCV  
  14  0:38  SCV  
  15  0:53  Barracks  
  15  1:26  Command Center  
  15  2:06  Orbital Command  
  15  2:27  Command Center  
  15  3:06  Orbital Command, SCV  
  16  3:33  Command Center  
  16  4:12  Orbital Command  
  16  4:57  Command Center  
  16  4:59  Command Center  
  16  5:03  SCV  
  16  5:04  SCV x2  
  19  5:20  SCV  
  19  5:21  SCV  
  19  5:28  Orbital Command  
  21  5:30  SCV  
  21  5:37  SCV x2  
  23  5:51  Command Center  
  22  7:45  Orbital Command x2  
  22  7:52  SCV x4  
  22  7:55  Orbital Command  
  26  8:09  SCV x4  
  30  8:17  Command Center  
  30  8:26  SCV x2  
  32  12:45  Orbital Command  
  31  20:17  SCV  
Tags
 
Add a new tag
Caveats
  • Supply blocks, unpowered buildings, or Contaminate may cause inaccurate times.
  • Supply counts are checked every 10 seconds.